 Dungeon Crawl Stone Soup version 0.30-a0-335-ge5acde7520 (webtiles) character file.

Game seed: 17748510498446897037

663 jfcaron the Poker (level 7, -3/56 HPs)
             Began as a Gnoll Reaver on Oct 30, 2022.
             Was an Initiate of Fedhas.
             Slain by a two-headed ogre
             ... wielding a +0 giant spiked club
              (7 damage)
             ... on level 5 of the Dungeon.
             The game lasted 00:13:21 (4511 turns).

jfcaron the Poker (Gnoll Reaver)                    Turns: 4511, Time: 00:13:22

Health: -3/56      AC:  6    Str: 20    XL:     7   Next: 56%
Magic:  15/15      EV: 12    Int: 18    God:    Fedhas [......]
Gold:   278        SH:  0    Dex: 10    Spells: 7/17 levels left

rFire   . . .      SeeInvis .    b - +0 hand crossbow
rCold   + . .      Faith    .    (no shield)
rNeg    . . .      Spirit   .    m - +0 ring mail
rPois   .          Reflect  .    (no helmet)
rElec   .          Harm     .    t - +0 cloak
rCorr   +          Rampage  .    (no gloves)
Will    .....                    (no boots)
Stlth   +.........               (no amulet)
HPRegen 0.29/turn                l - ring of Huadoamm {rC+ rCorr Str+6 Int+6}
MPRegen 0.14/turn                (no ring)

@: no status effects
A: fangs 1, strong nose, distributed training
a: Renounce Religion


You were on level 5 of the Dungeon.
You worshipped Fedhas.
Fedhas was noncommittal.
You visited 2 branches of the dungeon, and saw 6 of its levels.

You collected 377 gold pieces.
You spent 99 gold pieces at shops.

Inventory:

Hand Weapons
 a - a +0 trident
 b - a +0 hand crossbow (weapon)
 p - a +2 dagger of holy wrath
Missiles
 e - 20 stones
 j - 3 silver boomerangs
 q - 4 poisoned darts
Armour
 m - a +0 ring mail (worn)
 t - a +0 cloak (worn)
Jewellery
 l - the ring of Huadoamm (left hand) {rC+ rCorr Str+6 Int+6}
   (You found it on level 2 of the Dungeon)

   [ring of strength]

   Str:       It affects your strength (+6).
   Int:       It affects your intelligence (+6).
   rC:        It protects you from cold.
   rCorr:     It protects you from acid and corrosion.
Wands
 k - a wand of polymorph (2)
 s - a wand of paralysis (12)
Scrolls
 d - 2 scrolls of teleportation
 f - a scroll of butterflies {unknown}
 g - 4 scrolls of poison
 h - 2 scrolls of fear
 n - 2 scrolls of enchant armour {unknown}
 r - a scroll of immolation
 u - a scroll of magic mapping
Potions
 c - 2 potions of curing
 i - 2 potions of flight
 o - a potion of ambrosia
 v - a potion of degeneration {unknown}


   Skills:
 + Level 5.3 Fighting
 + Level 2.7 Short Blades
 + Level 2.7 Long Blades
 + Level 2.7 Axes
 + Level 2.7 Maces & Flails
 + Level 7.1 Polearms
 + Level 2.7 Staves
 + Level 2.7 Ranged Weapons
 + Level 2.7 Throwing
 + Level 2.7 Armour
 + Level 5.3 Dodging
 + Level 2.7 Stealth
 + Level 2.7 Shields
 + Level 2.7 Unarmed Combat
 + Level 5.7 Spellcasting
 + Level 5.9 Conjurations
 + Level 2.2 Hexes
 + Level 2.2 Summonings
 + Level 2.2 Necromancy
 + Level 2.2 Translocations
 + Level 2.2 Transmutations
 + Level 2.2 Fire Magic
 + Level 2.2 Ice Magic
 + Level 2.2 Air Magic
 + Level 2.2 Earth Magic
 + Level 2.2 Poison Magic
 + Level 3.0 Invocations
 + Level 2.7 Evocations


You had 7 spell levels left.
You knew the following spells:

 Your Spells              Type           Power      Damage    Failure   Level
a - Kiss of Death         Conj/Necr      76%        2d11      3%          1
b - Momentum Strike       Conj/Tloc      38%        3d9       6%          2
c - Blink                 Tloc           26%        N/A       13%         2
d - Hailstorm             Conj/Ice       19%        3d6       12%         3
e - Passwall              Tmut/Erth      10%        N/A       13%         2

Your spell library contained the following spells:

 Spells                   Type           Power      Damage    Failure   Level
 Beastly Appendage        Tmut           26%        N/A       9%          1
 Summon Small Mammal      Summ           52%        N/A       9%          1
 Cigotuvi's Dreadful Rot  Necr/Pois/Air  26%        N/A       13%         2
 Ensorcelled Hibernation  Hex/Ice        26%        N/A       13%         2
 Poisonous Vapours        Pois/Air       26%        N/A       13%         2
 Wereblood                Tmut           13%        N/A       13%         2
 Mephitic Cloud           Conj/Pois/Air  17%        N/A       16%         3
 Call Canine Familiar     Summ           13%        N/A       26%         3
 Portal Projectile        Hex/Tloc       26%        N/A       26%         3
 Spider Form              Tmut/Pois      13%        N/A       26%         3
 Summon Guardian Golem    Hex/Summ       13%        N/A       26%         3
 Swiftness                Air            13%        N/A       26%         3
 Tukima's Dance           Hex            13%        N/A       26%         3
 Manifold Assault         Tloc           13%        N/A       63%         4
 Blade Hands              Tmut           6%         N/A       93%         5
 Storm Form               Tmut/Air       6%         N/A       100%        7


Dungeon Overview and Level Annotations

Branches:
Dungeon (5/15)             Temple (1/1) D:4

Altars:
Ashenzari
Elyvilon
Fedhas
Gozag
Hepliaklqana
Kikubaaqudgha
Nemelex Xobeh
Qazlal
Sif Muna
Trog
Uskayaw
Vehumet
Wu Jian
Xom
Yredelemnul
Zin

Shops:
D:1 ?=(


Innate Abilities, Weirdness & Mutations

You have very sharp teeth.
Your uncanny sense of smell can sniff out nearby items.
Your experience applies equally to all skills.


Message History

You shoot a bolt. The bolt hits the two-headed ogre.
The two-headed ogre is almost dead.
The two-headed ogre is no longer paralysed.
You shoot a bolt. The bolt hits the two-headed ogre.
The two-headed ogre is almost dead.
A scorpion comes into view.
You shoot a bolt.
The bolt hits the two-headed ogre but does no damage.
The two-headed ogre is almost dead.
The two-headed ogre hits you with a +0 giant spiked club!!
The two-headed ogre hits you with a +0 giant club.
You are too injured to fight recklessly!
Fire: b) +0 hand crossbow
Press: ? - help, Q - select action, (/) - cycle Shift-Dir - straight line, f/p - two-headed ogre
Aim: a two-headed ogre, wielding a +0 giant spiked club and a +0 giant club (severely wounded, 75% to hit)
You shoot a bolt.
The bolt barely misses the two-headed ogre.
The two-headed ogre barely misses you.
The two-headed ogre hits you with a +0 giant club!
* * * LOW HITPOINT WARNING * * *
Unknown command.
Fire: b) +0 hand crossbow
Press: ? - help, Q - select action, (/) - cycle Shift-Dir - straight line, f/p - two-headed ogre
Aim: a two-headed ogre, wielding a +0 giant spiked club and a +0 giant club (severely wounded, 75% to hit)
You shoot a bolt. The bolt hits the two-headed ogre.
The two-headed ogre is almost dead.
The scorpion closely misses you. The two-headed ogre barely misses you.
The two-headed ogre hits you with a +0 giant club.
* * * LOW HITPOINT WARNING * * *
The scorpion closely misses you.
Fire: b) +0 hand crossbow
Press: ? - help, Q - select action, (/) - cycle Shift-Dir - straight line, f/p - two-headed ogre
Aim: a two-headed ogre, wielding a +0 giant spiked club and a +0 giant club (almost dead, 75% to hit)
You shoot a bolt. The bolt hits the two-headed ogre.
The two-headed ogre is almost dead.
The scorpion stings you.
* * * LOW HITPOINT WARNING * * *
The two-headed ogre hits you with a +0 giant spiked club!
You die...
Fedhas appreciates your contribution to the ecosystem.

**,,#**
##.........# *.
***..#####.......##
*, **#...###......#
** **#........###
** ###..##### **,
##.## **,, ##.#
**,,* #.## ***,***
##@# **,,** *#sO#*
**,,** *#....*
***,,** #.....#*
**,,,**
*#.....†***,,,**
*........*,,,**
#........,,,**
#.........,**
*,,,,,,,*,******


You could see a two-headed ogre and a scorpion.

Vanquished Creatures
  Grinder (D:4)
  An ice beast (D:5)
  A black bear (D:4)
  A phantom (D:4)
  A hound (D:4)
  5 adders
  A white imp (D:5)
  3 worms
  3 dart slugs
  9 orcs
  6 endoplasms
  3 giant cockroaches
  14 goblins
  6 hobgoblins
  7 jackals
  8 kobolds
  2 quokkas
  10 ball pythons
  6 bats
  5 rats
  6 fungi (D:2)
  4 toadstools (D:2)
103 creatures vanquished.

Notes
Turn   | Place    | Note
-------+----------+-------------------------------------------
     0 | D:1      | jfcaron the Gnoll Reaver began the quest for the Orb.
     0 | D:1      | Reached XP level 1. HP: 20/20 MP: 6/6
    71 | D:1      | Reached XP level 2. HP: 26/26 MP: 7/7
    74 | D:1      | Learned a level 2 spell: Momentum Strike
   178 | D:1      | Found Ziajoith's Weapon Boutique.
   224 | D:1      | Found Jef Sinu's Jewellery Shop.
   279 | D:1      | Found Viwket's Magic Scroll Emporium.
   547 | D:1      | Reached skill level 5 in Spellcasting
   547 | D:1      | Reached XP level 3. HP: 28/31 MP: 7/9
   772 | D:2      | Reached skill level 1 in Invocations
   851 | D:2      | Learned a level 2 spell: Blink
  1293 | D:2      | Reached skill level 1 in Short Blades
  1293 | D:2      | Reached skill level 1 in Long Blades
  1293 | D:2      | Reached skill level 1 in Axes
  1293 | D:2      | Reached skill level 1 in Maces & Flails
  1293 | D:2      | Reached skill level 1 in Staves
  1293 | D:2      | Reached skill level 1 in Ranged Weapons
  1293 | D:2      | Reached skill level 1 in Throwing
  1293 | D:2      | Reached skill level 1 in Armour
  1293 | D:2      | Reached skill level 1 in Stealth
  1293 | D:2      | Reached skill level 1 in Shields
  1293 | D:2      | Reached skill level 1 in Unarmed Combat
  1293 | D:2      | Reached skill level 1 in Evocations
  1326 | D:2      | Identified the ring of Huadoamm {rC+ rCorr Str+6 Int+6}
  1509 | D:2      | Learned a level 3 spell: Hailstorm
  1594 | D:1      | Bought a scroll of teleportation for 33 gold pieces
  1594 | D:1      | Bought a scroll of fear for 44 gold pieces
  1594 | D:1      | Bought a scroll of identify for 22 gold pieces
  1710 | D:3      | Found a faded altar of an unknown god.
  1720 | D:3      | Reached XP level 4. HP: 38/38 MP: 11/11
  1892 | D:3      | Reached skill level 1 in Hexes
  1892 | D:3      | Reached skill level 1 in Summonings
  1892 | D:3      | Reached skill level 1 in Necromancy
  1892 | D:3      | Reached skill level 1 in Translocations
  1892 | D:3      | Reached skill level 1 in Transmutations
  1892 | D:3      | Reached skill level 1 in Fire Magic
  1892 | D:3      | Reached skill level 1 in Ice Magic
  1892 | D:3      | Reached skill level 1 in Air Magic
  1892 | D:3      | Reached skill level 1 in Earth Magic
  1892 | D:3      | Reached skill level 1 in Poison Magic
  2290 | D:3      | Found a basalt altar of Yredelemnul.
  2537 | D:4      | You fall into a shaft and drop 1 floor!
  2537 | D:5      | Entered Level 5 of the Dungeon
  2660 | D:4      | Reached XP level 5. HP: 43/43 MP: 12/12
  2673 | D:4      | Found a staircase to the Ecumenical Temple.
  2678 | Temple   | Entered the Ecumenical Temple
  2855 | Temple   | Became a worshipper of Fedhas Madash
  2917 | D:4      | Noticed a phantom
  2932 | D:4      | Killed a phantom
  3029 | D:4      | Noticed Grinder
  3029 | D:4      | Paralysed by Grinder for 2 turns
  3043 | D:4      | Paralysed by Grinder for 3 turns
  3050 | D:4      | Killed Grinder
  3051 | D:4      | Reached skill level 5 in Fighting
  3051 | D:4      | Reached skill level 5 in Dodging
  3051 | D:4      | Reached XP level 6. HP: 20/51 MP: 12/14
  3664 | D:4      | Reached skill level 7 in Polearms
  3664 | D:4      | Reached XP level 7. HP: 56/56 MP: 15/15
  3667 | D:4      | Learned a level 2 spell: Passwall
  4496 | D:5      | Noticed a two-headed ogre
  4510 | D:5      | HP: 10/56 [two-headed ogre/+0 giant spiked club (4)]
  4511 | D:5      | HP: 4/56 [scorpion (6)]
  4511 | D:5      | Slain by a two-headed ogre

Illustrated notes

Levels and vault maps discovered:
D:1:      nicolae_arrival_somewhat_less_tricky_arrival, layout_rooms,
          serial_shops, shop, nicolae_shop_window_shopping,
          nicolae_shop_waterfront
D:2:      layout_loops_ring, minmay_gold_behind_fungi
D:3:      minmay_recursive_quarters, layout_basic,
          nicolae_overflow_crystal_walls, shapermc_ecumenical_altar_totnotflames
D:4:      black_bear_nest_2, layout_basic, temple_doors_ab,
          minmay_misc_feat_ornament, uniq_grinder
D:5:      layout_cave_pods, kennysheep_mini_moat
Temple:   nicolae_temple_bog_church

Skill      XL: |  1  2  3  4  5  6  7 |
---------------+----------------------+-----
Spellcasting   | 5 |  5.7
Invocations    | 1 2 3 |  3.0
Short Blades   | 1 2 |  2.7
Long Blades    | 1 2 |  2.7
Axes           | 1 2 |  2.7
Maces & Flails | 1 2 |  2.7
Staves         | 1 2 |  2.7
Ranged Weapons | 1 2 |  2.7
Throwing       | 1 2 |  2.7
Armour         | 1 2 |  2.7
Stealth        | 1 2 |  2.7
Shields        | 1 2 |  2.7
Unarmed Combat | 1 2 |  2.7
Evocations     | 1 2 |  2.7
Hexes          | 1 2 |  2.2
Summonings     | 1 2 |  2.2
Necromancy     | 1 2 |  2.2
Translocations | 1 2 |  2.2
Transmutations | 1 2 |  2.2
Fire Magic     | 1 2 |  2.2
Ice Magic      | 1 2 |  2.2
Air Magic      | 1 2 |  2.2
Earth Magic    | 1 2 |  2.2
Poison Magic   | 1 2 |  2.2
Fighting       | 5 |  5.3
Dodging        | 5 |  5.3
Polearms       | 7 |  7.1
Conjurations   | |  5.9

Action                   |  1- 3 |  4- 6 |  7- 9 || total
-------------------------+-------+-------+-------++-------
Melee: Spear             |   138 |     2 |       ||   140
       Bite              |    14 |     1 |       ||    15
       Punch             |     2 |       |       ||     2
       Dagger            |       |    12 |       ||    12
 Fire: Hand crossbow     |    13 |    86 |    41 ||   140
Throw: Stone             |       |     1 |       ||     1
Evoke: Wand              |       |       |     1 ||     1
  Use: Scroll            |     3 |     4 |       ||     7
       Potion            |       |     1 |       ||     1
 Stab: Sleeping          |     1 |       |       ||     1
Armor: Leather armour    |    14 |       |       ||    14
       Ring mail         |     1 |    21 |     4 ||    26
Dodge: Dodged            |    58 |    43 |    19 ||   120

Table legend: (Time is in decaauts)
 A = Elapsed time spent in this place.
 B = Non-inter-level travel time spent in this place.
 C = Inter-level travel time spent in this place.
 D = Time resting spent in this place.
 E = Time spent auto-exploring this place.
 F = Levels seen in this place.
 G = Mean time per level.
                   A        B        C        D        E       F      G
               +--------+--------+--------+--------+--------+-----+--------+
         Total |   4613 |   4152 |    461 |    147 |   3251 |   6 |  768.8 |
       Dungeon |   4410 |   3971 |    439 |    147 |   3085 |   5 |  882.0 |
        Temple |    203 |    182 |     21 |      0 |    166 |   1 |  203.0 |
               +--------+--------+--------+--------+--------+-----+--------+

Top non-repeatable levels by time:
     D:4: 1403 daAuts
     D:3: 979 daAuts
     D:2: 835 daAuts
     D:1: 778 daAuts
     D:5: 413 daAuts
  Temple: 203 daAuts
